 Dungeon Crawl Stone Soup version 0.31-a0-1321-g5021b54cb2 (webtiles) character file.

Game seed: 548001643703416795

93 Firecrotchwizard the Chopper (level 4, -1/61 HPs)
             Began as a Hill Orc Berserker on Dec 21, 2023.
             Was a Believer of Trog.
             Slain by a kobold brigand
             ... wielding a +0 war axe
              (3 damage)
             ... on level 3 of the Dungeon.
             The game lasted 00:05:13 (2447 turns).

Firecrotchwizard the Chopper (Hill Orc Berserker)   Turns: 2447, Time: 00:05:13

Health: -1/61      AC:  9    Str: 21    XL:     4   Next: 62%
Magic:  4/4        EV:  8    Int:  7    God:    Trog [**....]
Gold:   164        SH:  0    Dex: 10    Spells: 3/3 levels left

rFire   . . .        t - +1 trident (vamp)
rCold   . . .        (no shield)
rNeg    . . .        n - +0 chain mail
rPois   .            (no helmet)
rElec   .            (no cloak)
rCorr   .            (no gloves)
SInv    .            (no boots)
Will    ++...        (no amulet) Stlth
                     u - ring of flight
HPRegen 1.30/turn    (no ring)
MPRegen 0.09/turn

%: no passive effects
@: berserking, lethally poisoned (-1 -> -1), strong-willed, flying,
regenerating, slowed
A: no striking features
a: Renounce Religion, Berserk, Trog's Hand


You were on level 3 of the Dungeon.
You worshipped Trog.
Trog was pleased with you.
You visited 1 branch of the dungeon, and saw 3 of its levels.

You collected 164 gold pieces.

Inventory:

Hand Weapons
 a - a +0 hand axe
 t - a +1 vampiric trident (weapon)
Armour
 b - a +0 animal skin
 d - a +0 ring mail
 n - a +0 chain mail (worn)
Jewellery
 u - a ring of flight (left hand)
Scrolls
 c - a scroll of enchant armour {unknown}
 e - a scroll of amnesia {unknown}
 f - 4 scrolls of identify {unknown}
 g - 2 scrolls of fog {unknown}
 m - a scroll of immolation {unknown}
 o - a scroll of enchant weapon {unknown}
 p - a scroll of poison {unknown}
 r - a scroll of noise {unknown}
Potions
 h - a potion of resistance {unknown}
 i - 2 potions of cancellation {unknown}
 j - a potion of heal wounds {unknown}
 k - 2 potions of attraction {unknown}
 l - a potion of curing {unknown}
 q - 2 potions of haste {unknown}
 s - a potion of might {unknown}


   Skills:
 + Level 4.4 Fighting
 * Level 5.6 Axes
 + Level 3.2 Armour
 - Level 1.5 Dodging


You had 3 spell levels left.
You didn't know any spells.
Your spell library was empty.

Dungeon Overview and Level Annotations

Branches:
Dungeon (3/15)

Altars:
Gozag
Makhleb

Shops:
D:2 [


Message History

Press: ? - help, Dir - move target, f - kobold
Aim: a kobold, wielding a +0 dagger (about 49% to evade your +1 vampiric trident)
You reach to attack!
You completely miss the kobold.
Reach: t) +1 trident (vamp)
Press: ? - help, Dir - move target, f/p - kobold
Aim: a kobold, wielding a +0 dagger (about 49% to evade your +1 vampiric trident)
You puncture the kobold!
You feel better.
You kill the kobold!
Trog accepts your kill.
Reach: t) +1 trident (vamp)
Press: ? - help, Dir - move target, f - kobold
Aim: a kobold, wielding a +0 dagger (about 49% to evade your +1 vampiric trident)
You reach to attack!
You puncture the kobold!
You feel better.
You kill the kobold!
Trog accepts your kill.
Reach: t) +1 trident (vamp)
Press: ? - help, Dir - move target, f - hobgoblin
Aim: a hobgoblin, wielding a +0 club (severely wounded, about 41% to evade your +1 vampiric trident)
You reach to attack!
You hit the hobgoblin.
You feel better.
You kill the hobgoblin!
Trog accepts your kill.
Reach: t) +1 trident (vamp)
Press: ? - help, Dir - move target, f - you That would be overly suicidal.
Okay, then.
You start resting.
You hear the quick rusting of a distant drain.
You hear the quick rusting of a distant drain.
HP restored.
You see here a +0 dagger.
Found a sling.
You see here a +0 sling.
You hear the rapid rusting of a very distant drain.
A goblin comes into view. It is wielding a +0 dagger.
The goblin shouts!
You hear a loud squeak.
You reach to attack!
You hit the goblin.
The goblin is moderately wounded.
You barely miss the goblin.
The goblin is moderately wounded.
The goblin hits you with a +0 dagger. The goblin hits you but does no damage.
You hit the goblin.
You feel better.
You kill the goblin!
Trog accepts your kill.
A rat comes into view.
Things that are here:
a +0 dagger; a goblin corpse You hit the rat.
You kill the rat!
Trog accepts your kill.
No target in view!
You see here a rat corpse.
f - 4 scrolls labelled UNITIL DEONTIE (gained 1)
You hear the rapid rusting of a very distant drain.
Items here: )))))) ††.
A kobold brigand comes into view.
It is wielding a +0 war axe and quivering curare-tipped darts.
The kobold brigand shouts!
The kobold brigand throws a curare-tipped dart.
The curare-tipped dart hits you.
You are poisoned.
You have difficulty breathing.
You feel yourself slow down.
You feel very sick.
You feel sick.
You feel sick.
You feel sick.
The kobold brigand throws a curare-tipped dart.
The curare-tipped dart barely misses you.
You feel sick.
You are no longer poisoned.
The kobold brigand throws a curare-tipped dart.
The curare-tipped dart hits you.
You are poisoned.
You have difficulty breathing.
You feel as though you will be slow longer.
You feel very sick.
The kobold brigand throws a curare-tipped dart.
The curare-tipped dart hits you.
You are more poisoned.
You have difficulty breathing.
* * * LOW HITPOINT WARNING * * *
You feel as though you will be slow longer.
* * * LOW HITPOINT WARNING * * *
You feel very sick. The kobold brigand barely misses you.
The kobold brigand hits you with a +0 war axe.
* * * LOW HITPOINT WARNING * * *
Okay, then.
Your skin crawls.
You feel strong-willed.
You feel very sick.
The kobold brigand hits you with a +0 war axe.
* * * LOW HITPOINT WARNING * * *
A red film seems to cover your vision as you go berserk!
You feel yourself moving faster!
You feel mighty!
You feel sick.
The kobold brigand completely misses you.
The kobold brigand hits you with a +0 war axe.
* * * LOW HITPOINT WARNING * * *
You completely miss the kobold brigand.
You feel sick.
The kobold brigand hits you with a +0 war axe.
You die...

#.# #.≈.# ..# #.# #.# #.#
#...# ..# #.# #.# #.#
#...# ..####.####.#
#.###.#.##
##..#~#.......#
#.....#..#
#..##~#..######
#..##.#..# ##..#~~#..#
###..##.#..####..##≈~#.##
..............#.K#≈≈~~.#
###..##....####.@#≈≈~~.#
#..###^..# #..#≈~~~.# ###
#..# ###.# #..##~~#.#
##.#### #..# #.#
##).#~~#.####......
#.#####..#~##.......####
#...))#..#....#######
#####......#### ########


You could see a kobold brigand.

Vanquished Creatures
  An adder (D:2)
  2 worms
  2 dart slugs
  5 ball pythons
  4 bats
  2 endoplasms
  3 giant cockroaches
  4 goblins
  5 hobgoblins
  6 jackals
  3 quokkas
  5 frilled lizards
  18 kobolds
  11 rats
71 creatures vanquished.

Notes
Turn   | Place    | Note
-------+----------+-------------------------------------------
     0 | D:1      | Firecrotchwizard the Hill Orc Berserker began the quest for
                  | the Orb.
     0 | D:1      | Reached XP level 1. HP: 19/19 MP: 1/1
   172 | D:1      | Reached XP level 2. HP: 16/27 MP: 2/2
   521 | D:1      | Reached XP level 3. HP: 33/33 MP: 3/3
  1060 | D:1      | Reached ** piety under Trog
  1061 | D:1      | Reached skill level 5 in Axes
  1335 | D:2      | Found Tirerom's Antique Armour Emporium.
  1520 | D:2      | Reached XP level 4. HP: 35/40 MP: 4/4
  1909 | D:3      | Found a burning altar of Makhleb.
  2051 | D:3      | Found a faded altar of an unknown god.
  2185 | D:3      | Found an opulent altar of Gozag.
  2435 | D:3      | Noticed a kobold brigand
  2445 | D:3      | HP: 2/41 [kobold brigand/+0 war axe (5)]
  2447 | D:3      | Slain by a kobold brigand

Illustrated notes

Levels and vault maps discovered:
D:1:      onia_arrival_mini_maze_b, layout_basic
D:2:      layout_loops_ring, serial_shops, nicolae_shop_tiny_glass
D:3:      cheibrodos_thug_alley, layout_loops_ring, zin_scriptorium,
          mainiacjoe_overflow_small_starburst, mainiacjoe_overflow_boulevard,
          gup_sewer_entry_spiral, hellmonk_ecumenical_altar_pennies_from_heaven

Skill      XL: |  1  2  3 |
---------------+----------+-----
Fighting       | 4 |  4.4
Axes           | 5 |  5.6
Armour         | 3 |  3.2
Dodging        | |  1.5

Action                     |  1- 3 |  4- 6 || total
---------------------------+-------+-------++-------
  Melee: Hand axe          |   107 |    17 ||   124
         Punch             |     2 |     2 ||     4
         Trident           |       |    58 ||    58
 Invoke: Berserk           |     1 |     1 ||     2
         Trog's Hand       |       |     1 ||     1
 Armour: Animal skin       |    24 |       ||    24
         Ring mail         |    22 |       ||    22
         Chain mail        |    12 |    66 ||    78
  Dodge: Dodged            |    63 |    25 ||    88

Table legend: (Time is in decaauts)
 A = Elapsed time spent in this place.
 B = Non-inter-level travel time spent in this place.
 C = Inter-level travel time spent in this place.
 D = Time resting spent in this place.
 E = Time spent auto-exploring this place.
 F = Levels seen in this place.
 G = Mean time per level.
                   A        B        C        D        E       F      G
               +--------+--------+--------+--------+--------+-----+--------+
         Total |   2480 |   2449 |     31 |    130 |   1869 |   3 |  826.7 |
       Dungeon |   2480 |   2449 |     31 |    130 |   1869 |   3 |  826.7 |
               +--------+--------+--------+--------+--------+-----+--------+

Top non-repeatable levels by time:
     D:1: 1112 daAuts
     D:2: 771 daAuts
     D:3: 595 daAuts
